 Dungeon Crawl Stone Soup version 0.24-a0-507-g3e8b242632 (webtiles) character file.

Game seed: 5875607607791326127

657 Gynju the Basher (level 7, -1/41 HPs)
             Began as a Gargoyle Fighter on July 19, 2019.
             Was a Believer of Zin.
             Slain by a centaur
             ... wielding a cursed -3 shortbow
              (5 damage)
             ... on level 5 of the Dungeon.
             The game lasted 00:05:53 (4131 turns).

Gynju the Basher (Gargoyle Fighter)                 Turns: 4131, Time: 00:05:54

Health: -1/41      AC: 14    Str: 22    XL:     7   Next: 55%
Magic:  7/7        EV:  7    Int:  8    God:    Zin [**....]
Gold:   198        SH:  9    Dex:  9    Spells: 6/6 levels left

rFire    . . .     SeeInvis .   a - +0 flail
rCold    . . .     Gourm    .   c - +0 shield
rNeg     + . .     Faith    .   b - +0 scale mail rPois โˆž Spirit .
                                (no helmet)
rElec    +         Reflect  .   (no cloak)
rCorr    +         Harm     .   (no gloves)
MR       .....                  t - +2 pair of boots
Stlth    ..........             (no amulet)
HPRegen  0.13/turn              g - ring of resist corrosion
MPRegen  0.10/turn              (no ring)

@: slowed, very slow
A: negative energy resistance 1, electricity resistance, unbreathing,
petrification resistance, rot immunity, AC +4
a: Recite, Vitalisation, Donate Gold, Renounce Religion


You were on level 5 of the Dungeon.
You worshipped Zin.
Zin was pleased with you.
You were not hungry.

You visited 1 branch of the dungeon, and saw 5 of its levels.

You collected 220 gold pieces.
You donated 22 gold pieces to Zin.

Inventory:

Hand Weapons
 a - a +0 flail (weapon)
 q - a +0 hunting sling
Missiles
 i - 136 stones (quivered)
 j - 26 sling bullets
 o - 19 poisoned darts
Armour
 b - a +0 scale mail (worn)
 c - a +0 shield (worn)
 t - a +2 pair of boots (worn)
Jewellery
 g - a ring of resist corrosion (left hand)
Wands
 u - a wand of flame (19)
Scrolls
 n - a scroll of teleportation
 p - 2 scrolls of magic mapping
 s - a scroll of identify {unknown}
Potions
 d - 2 potions of might
 e - a potion of cancellation {unknown}
 h - 2 potions of mutation {unknown}
 k - a potion of heal wounds {unknown}
 l - 2 potions of curing {unknown}
 m - a potion of haste {unknown}
 r - a potion of degeneration {unknown}
 v - a potion of resistance {unknown}
Comestibles
 f - 3 rations


   Skills:
 - Level 3.2 Fighting
 + Level 8.2 Maces & Flails
 - Level 3.2 Armour
 - Level 3.2 Shields


You had 6 spell levels left.
You didn't know any spells.
Your spell library was empty.

Dungeon Overview and Level Annotations

Branches:
Dungeon (5/15)             Temple (0/1) D:4

Altars:
Elyvilon
Makhleb
Nemelex Xobeh
Qazlal
Trog
Uskayaw
Xom
Zin


Innate Abilities, Weirdness & Mutations

You are resistant to torment.
Your stone body is resilient. (AC +4)
You are immune to poison.
You resist negative energy. (rN+)
You are resistant to electric shocks. (rElec)
You can survive without breathing.
You are immune to petrification.
You are immune to rotting.


Message History

You kill the orc!
The centaur hits you with a cursed -3 shortbow.
* * * LOW HITPOINT WARNING * * *
The hound bites you but does no damage. Something hits you but does no damage.
The centaur hits you but does no damage.
The ice beast hits you but does no damage.
The hound closely misses you. Something hits you.
* * * LOW HITPOINT WARNING * * *
The phantom blinks!
The centaur hits you but does no damage.
You block something's attack.
The ice beast hits you but does no damage.
The centaur hits you with a cursed -3 shortbow.
* * * LOW HITPOINT WARNING * * *
Something hits you but does no damage. You block the hound's attack.
The ice beast hits you but does no damage.
Things that are here:
a +0 short sword; an orc corpse The centaur hits you with a cursed -3 shortbow.
You die...

..#..........(.Y#.......
............(W..#.......
...........(....#.......
........##.(...ยง#...(...
.........'.(....##......
.......o.#(.(...........
.......hY...............
......{)c.o##...........
.......@o..(.^..........
.......................#
..##..##........##.....#
. #.. ###......##....##
.... ..............##
...?. ................โ‰ˆ
..... .................P
.... ..##..............
.........#..โ‰ˆ


You could see a phantom, an ice beast, a centaur, a hound, an orc wizard and 2
orcs.

Vanquished Creatures
  3 scorpions
  A jelly (D:5)
  A crimson imp (D:3)
  A hound (D:4)
  A centaur skeleton (D:5)
  An orc wizard (D:4)
  Jessica (D:2)
  2 iguanas (D:4)
  3 worker ants (D:4)
  4 gnolls (D:4)
  7 adders
  3 oozes
  An adder skeleton (D:5)
  A worm (D:4)
  3 dart slugs
  A leopard gecko (D:2)
  4 orcs
  3 ball pythons
  3 bats
  3 giant cockroaches
  6 goblins
  9 hobgoblins
  6 jackals
  2 quokkas
  5 frilled lizards
  10 kobolds
  6 rats
91 creatures vanquished.

Notes
Turn   | Place    | Note
-------+----------+-------------------------------------------
     0 | D:1      | Gynju the Gargoyle Fighter began the quest for the Orb.
     0 | D:1      | Reached XP level 1. HP: 14/14 MP: 1/1
   101 | D:1      | Reached XP level 2. HP: 19/19 MP: 2/2
   150 | D:1      | Reached skill level 3 in Maces & Flails
   681 | D:2      | Reached XP level 3. HP: 17/23 MP: 3/3
  1013 | D:2      | Reached skill level 4 in Maces & Flails
  1106 | D:2      | Reached XP level 4. HP: 28/28 MP: 4/4
  1168 | D:2      | Found a hide-covered altar of Uskayaw.
  1283 | D:2      | Found a white marble altar of Elyvilon.
  1380 | D:2      | Noticed Jessica
  1386 | D:2      | Killed Jessica
  1597 | D:3      | Found a glowing silver altar of Zin.
  1601 | D:3      | Became a worshipper of Zin the Law-Giver
  1601 | D:3      | Reached * piety under Zin
  1636 | D:3      | Reached skill level 5 in Maces & Flails
  1648 | D:3      | Reached XP level 5. HP: 32/32 MP: 5/5
  1660 | D:3      | Found a faded altar of an unknown god.
  1918 | D:3      | Found a burning altar of Makhleb.
  1918 | D:3      | Found a shimmering altar of Xom.
  2175 | D:3      | Found a bloodstained altar of Trog.
  2175 | D:3      | Found a stormy altar of Qazlal.
  2560 | D:4      | Reached skill level 6 in Maces & Flails
  2560 | D:4      | Reached XP level 6. HP: 27/37 MP: 6/6
  3036 | D:4      | Found a staircase to the Ecumenical Temple.
  3184 | D:4      | Found a sparkling altar of Nemelex Xobeh.
  3404 | D:4      | Reached skill level 7 in Maces & Flails
  3468 | D:4      | Reached XP level 7. HP: 21/41 MP: 7/7
  3658 | D:4      | Reached ** piety under Zin
  3854 | D:5      | Entered Level 5 of the Dungeon
  4007 | D:5      | Reached skill level 8 in Maces & Flails
  4131 | D:5      | Slain by a centaur

Levels and vault maps discovered:
D:1:      dpeg_arrival_boxes_within_box, layout_basic, hex_large
D:2:      layout_basic, elyvilon_altar_3, old_standard_altar, minivault_24,
          kennysheep_jessica_study
D:3:      layout_basic, grunt_temple_overflow_champion_of_chaos, zin_treasury,
          gammafunk_temple_overflow_elements, first_ration,
          chequers_ecumenical_altar_simple_redux
D:4:      layout_loops_ring, nemelex_xobeh_ov_fountains_minmay,
          minmay_temple_entry_poolview
D:5:      kennysheep_steamy, layout_basic, old_standard_altar

Skill      XL: |  1  2  3  4  5  6  7 |
---------------+----------------------+-----
Maces & Flails | 3 4 5 6 7 8 |  8.2
Fighting       | |  3.2
Armour         | |  3.2
Shields        | |  3.2

Action                   |  1- 3 |  4- 6 |  7- 9 || total
-------------------------+-------+-------+-------++-------
Melee: Flail             |   116 |   256 |    58 ||   430
  Use: Scroll            |       |     6 |       ||     6
  Eat: Chunk             |     1 |     4 |       ||     5
       Ration            |       |     1 |     1 ||     2
Armor: Scale mail        |    81 |   139 |    50 ||   270
Dodge: Dodged            |    50 |    71 |    22 ||   143
Block: Shield            |    59 |   135 |    31 ||   225

Table legend:
 A = Non-vault XP
 B = Vault XP
 C = Vault XP percentage of total XP
 D = Non-vault monster count
 E = Vault monster count
 F = Vault count percentage of total count
                 A         B        C        D         E       F
            +---------+---------+-------+---------+---------+-------
      Total |     850 |      89 |   9.5 |      88 |       3 |   3.3
            +---------+---------+-------+---------+---------+-------
        D:1 |      28 |       0 |   0.0 |       9 |       0 |   0.0
        D:2 |      80 |      39 |  32.8 |      19 |       2 |   9.5
        D:3 |      42 |      50 |  54.3 |      25 |       1 |   3.8
        D:4 |     519 |       0 |   0.0 |      28 |       0 |   0.0
        D:5 |     181 |       0 |   0.0 |       7 |       0 |   0.0
            +---------+---------+-------+---------+---------+-------
